 Dungeon Sprint DCSS version 0.27-a0-1202-ge72e49191c (webtiles) character file.

Game seed: 14124370026090656591

7429 mhtbhm the Eclecticist (level 10, -2/53 HPs)
             Began as a Deep Elf Earth Elementalist on June 3, 2021.
             Was a High Priest of Vehumet.
             Slain by a boulder beetle (37 damage)
             ... in the Dungeon (Sprint IX: "|||||||||||||||||||||||||||||").
             The game lasted 00:04:41 (3419 turns).

mhtbhm the Eclecticist (DEEE)                       Turns: 3419, Time: 00:04:41

Health: -2/53      AC:  5    Str:  5    XL:     10   Next: 93%
Magic:  7/35       EV: 16    Int: 24    God:    Vehumet [*****.]
Gold:   16         SH:  0    Dex: 18    Spells: 30/48 levels left

rFire    . . .     SeeInvis .   a - +2 rapier (venom)
rCold    . . .     Faith    .   (no shield)
rNeg     . . .     Spirit   .   c - +0 robe
rPois    .         Reflect  .   (no helmet)
rElec    .         Harm     .   (no cloak)
rCorr    .         Rampage  .   (no gloves)
Will     +....     NoTele   +   m - +0 pair of boots
Stlth    ++++......             (no amulet)
HPRegen  0.17/turn              n - +2 ring of protection
MPRegen  0.24/turn              o - +3 ring of dexterity

@: no status effects
A: no striking features
a: Renounce Religion


You were in the Dungeon.
You worshipped Vehumet.
Vehumet was extremely pleased with you.
You visited 1 branch You collected 16 gold pieces.

Inventory:

Hand Weapons
 a - a +2 rapier of venom (weapon)
Missiles
 b - 15 stones
Armour
 c - a +0 robe (worn)
 m - a +0 pair of boots (worn)
Jewellery
 n - a +2 ring of protection (left hand)
 o - a +3 ring of dexterity (right hand)
Wands
 l - a wand of iceblast (5)
Scrolls
 i - a scroll of blinking
 k - 2 scrolls of amnesia
 r - 4 scrolls of enchant armour
 s - 2 scrolls of fog
Potions
 d - 5 potions of curing
 e - 2 potions of heal wounds
 f - 2 potions of might
 g - 5 potions of magic
 h - a potion of berserk rage
 j - a potion of invisibility
 p - 2 potions of brilliance
 q - a potion of mutation


   Skills:
 + Level 2.0 Fighting
 + Level 4.3 Short Blades
 + Level 7.7 Dodging
 + Level 7.8 Stealth
 + Level 19.8 Spellcasting
 + Level 3.0 Conjurations
 + Level 3.3 Transmutations
 + Level 18.2 Earth Magic
 + Level 3.5 Evocations


You had 30 spell levels left.
You knew the following spells:

 Your Spells              Type           Power      Damage    Failure   Level
a - Sandblast             Erth           100%       2d20      0%          1
b - Passwall              Tmut/Erth      55%        N/A       1%          2
c - Stone Arrow           Conj/Erth      100%       3d13      1%          3
d - Lee's Rapid Deconstr  Erth           42%        3d21*     1%          5
e - Petrify               Tmut/Erth      66%        N/A       1%          4
f - Mephitic Cloud        Conj/Pois/Air  28%        N/A       1%          3

Your spell library contained the following spells:

 Spells                   Type           Power      Damage    Failure   Level
 Yara's Violent Unravell  Hex/Tmut       15%        3d8       7%          5
 Poisonous Vapours        Pois/Air       46%        N/A       1%          2
 Conjure Flame            Conj/Fire      31%        6-21      1%          3
 Freezing Cloud           Conj/Ice/Air   14%        6-21      43%         6


Dungeon Overview and Level Annotations

Branches:
Dungeon (1/1)

Altars:
Cheibriados
Dithmenos
Elyvilon
Fedhas
Gozag
Hepliaklqana
Kikubaaqudgha
Makhleb
Nemelex Xobeh
Okawaru
Qazlal
Ru
Sif Muna
Trog
Uskayaw
Vehumet
Wu Jian
Xom
Yredelemnul
Zin
The Shining One
Beogh
Jiyva
Lugonu


Message History

Confirm with . or Enter, or press ? or * to list all spells.
Aiming: Petrify (safe; 1% risk of failure)
Press: ? - help, Shift-Dir - straight line, f - cane toad
Aim: a cane toad (severely wounded, chance to affect: 78%)
Okay, then.
Casting: Petrify (safe; 1% risk of failure)
Confirm with . or Enter, or press ? or * to list all spells.
Aiming: Lee's Rapid Deconstruction (safe; 1% risk of failure)
Press: ? - help, Dir - move target, f - cane toad Fragment what (e.g. wall or brittle monster)?: a cane toad (severely wounded)
An open door to the Lair, spattered with blood.
The stone door frame shatters!
The blast of rock fragments hits the cane toad!!!
You kill the cane toad!
Vehumet accepts your kill.
You feel your power returning.
The blast of rock fragments hits the cane toad!!
The cane toad is severely wounded.
Unknown command.
Unknown command.
Casting: Lee's Rapid Deconstruction (safe; 1% risk of failure)
Confirm with . or Enter, or press ? or * to list all spells.
Aiming: Lee's Rapid Deconstruction (safe; 1% risk of failure)
Press: ? - help, Dir - move target, f - cane toad Fragment what (e.g. wall or brittle monster)?: a cane toad (severely wounded)
An open door to the Lair, spattered with blood.
The stone door frame shatters!
The blast of rock fragments hits the cane toad!
The cane toad is almost dead.
The blast of rock fragments hits the bullfrog!!!
You kill the bullfrog!
Vehumet accepts your kill.
Vehumet offers you knowledge of Yara's Violent Unravelling.
You feel your power returning.
Unknown command.
You hit the cane toad but do no damage.
The cane toad is almost dead.
The boulder beetle hits you!!!
Ouch! That really hurt!
You die...

▓▓▓▓▓▓▓▓▓▓▓▓▓▓▓▓▓▓▓▓▓▓▓▓▓▓▓▓▓▓▓▓▓
___________________'.....'.....'.
▓▓▓▓▓▓▓▓▓▓▓▓▓▓▓▓▓▓▓▓▓▓▓▓▓▓▓▓▓▓▓▓▓
..............)..................
▓▓▓▓▓▓▓▓▓▓▓▓▓▓▓▓▓▓▓▓▓▓▓▓▓▓▓▓▓▓▓▓▓
F.F.'F.°.....††F@B°°........'....
▓▓▓▓▓▓▓▓▓▓▓▓▓▓▓▓▓▓▓▓▓▓▓▓▓▓▓▓▓▓▓▓▓


You could see a boulder beetle (rolling) and a cane toad.

Vanquished Creatures
  A boulder beetle (D)
  A hydra (D)
  Erolcha (D)
  A two-headed ogre (D)
  A death yak (D)
  A deep elf pyromancer (D)
  An elephant (D)
  2 black mambas (D)
  A gargoyle (D)
  2 cane toads (D)
  An unseen horror (D)
  A komodo dragon (D)
  A tengu conjurer (D)
  A blink frog (D)
  A yak (D)
  A vampire mosquito (D)
  2 water moccasins (D)
  A necrophage (D)
  4 bullfrogs (D)
  A killer bee (D)
  A howler monkey (D)
  A hound (D)
  An iguana (D)
  An orc wizard (D)
  A bat (D)
  A goblin (D)
  A hobgoblin (D)
  2 quokka zombies (D)
  2 rats (D)
37 creatures vanquished.

Notes
Turn   | Place    | Note
-------+----------+-------------------------------------------
     0 | D        | mhtbhm the Deep Elf Earth Elementalist began the quest for
                  | the Orb.
     0 | D        | Reached XP level 1. HP: 10/10 MP: 6/6
   269 | D        | Noticed a hound
   269 | D        | Noticed a necrophage
   269 | D        | Noticed an iguana
   272 | D        | Killed an iguana
   273 | D        | Reached skill level 4 in Spellcasting
   273 | D        | Reached XP level 2. HP: 15/15 MP: 3/9
   273 | D        | Reached XP level 3. HP: 19/19 MP: 3/11
   282 | D        | Killed a necrophage
   283 | D        | Reached skill level 7 in Spellcasting
   283 | D        | Reached XP level 4. HP: 24/24 MP: 0/15
   290 | D        | Reached XP level 5. HP: 14/28 MP: 0/17
   649 | D        | Learned a level 2 spell: Passwall
   653 | D        | Learned a level 3 spell: Stone Arrow
   659 | D        | Learned a level 5 spell: Lee's Rapid Deconstruction
   664 | D        | Learned a level 4 spell: Petrify
   669 | D        | Found a snail-covered altar of Cheibriados.
   669 | D        | Found a shadowy altar of Dithmenos.
   669 | D        | Found a white marble altar of Elyvilon.
   669 | D        | Found a blossoming altar of Fedhas.
   669 | D        | Found an opulent altar of Gozag.
   670 | D        | Found a hazy altar of Hepliaklqana.
   671 | D        | Found a viscous altar of Jiyva.
   672 | D        | Found an ancient bone altar of Kikubaaqudgha.
   673 | D        | Found a corrupted altar of Lugonu.
   674 | D        | Found a burning altar of Makhleb.
   675 | D        | Found a sparkling altar of Nemelex Xobeh.
   676 | D        | Found an iron altar of Okawaru.
   677 | D        | Found a stormy altar of Qazlal.
   678 | D        | Found a sacrificial altar of Ru.
   679 | D        | Found a shimmering blue altar of Sif Muna.
   680 | D        | Found a bloodstained altar of Trog.
   681 | D        | Found a hide-covered altar of Uskayaw.
   682 | D        | Found a radiant altar of Vehumet.
   683 | D        | Found an ornate altar of the Wu Jian Council.
   684 | D        | Found a shimmering altar of Xom.
   685 | D        | Found a basalt altar of Yredelemnul.
   686 | D        | Found a glowing silver altar of Zin.
   687 | D        | Found a glowing golden altar of the Shining One.
   690 | D        | Became a worshipper of Vehumet
   723 | D        | Noticed a yak
   723 | D        | Noticed a two-headed ogre
   723 | D        | Noticed a komodo dragon
   726 | D        | Reached skill level 5 in Dodging
   726 | D        | Reached skill level 8 in Spellcasting
   737 | D        | Killed a komodo dragon
   738 | D        | Reached skill level 5 in Stealth
   738 | D        | Reached skill level 10 in Spellcasting
   738 | D        | Reached XP level 6. HP: 7/33 MP: 0/21
   740 | D        | Killed a two-headed ogre
   740 | D        | Reached * piety under Vehumet
   740 | D        | Offered knowledge of Foxfire by Vehumet.
   741 | D        | Reached skill level 1 in Fighting
   741 | D        | Reached skill level 12 in Spellcasting
   741 | D        | Reached skill level 1 in Conjurations
   741 | D        | Reached skill level 1 in Evocations
   741 | D        | Reached XP level 7. HP: 9/38 MP: 0/25
   741 | D        | Reached XP level 8. HP: 10/43 MP: 0/26
  1022 | D        | Reached ** piety under Vehumet
  1022 | D        | Offered knowledge of Poisonous Vapours by Vehumet.
  1023 | D        | Reached skill level 13 in Spellcasting
  1251 | D        | Noticed a gargoyle
  1251 | D        | Noticed a boulder beetle
  1251 | D        | Noticed a deep elf pyromancer
  1251 | D        | Noticed a tengu conjurer
  1253 | D        | Killed a tengu conjurer
  1254 | D        | Killed a deep elf pyromancer
  1255 | D        | Reached skill level 14 in Spellcasting
  1259 | D        | Offered knowledge of Dazzling Flash by Vehumet.
  1260 | D        | Reached XP level 9. HP: 35/48 MP: 13/29
  1262 | D        | Killed an unseen horror
  1262 | D        | Reached *** piety under Vehumet
  1263 | D        | Reached skill level 15 in Spellcasting
  1319 | D        | Killed a gargoyle
  1320 | D        | Reached skill level 15 in Earth Magic
  1635 | D        | Killed a boulder beetle
  1635 | D        | Offered knowledge of Hailstorm by Vehumet.
  1636 | D        | Reached skill level 16 in Spellcasting
  2005 | D        | Noticed Erolcha
  2010 | D        | Killed Erolcha
  2011 | D        | Reached skill level 17 in Spellcasting
  2011 | D        | Reached XP level 10. HP: 53/53 MP: 10/33
  2360 | D        | Learned a level 3 spell: Mephitic Cloud
  2360 | D        | Noticed a cane toad
  2360 | D        | Noticed a black mamba
  2362 | D        | Reached **** piety under Vehumet
  2364 | D        | Killed a cane toad
  2364 | D        | Offered knowledge of Fulminant Prism by Vehumet.
  2364 | D        | Killed a black mamba
  2366 | D        | Noticed a death yak
  2367 | D        | Noticed an eight-headed hydra
  2373 | D        | Killed a death yak
  2373 | D        | Reached ***** piety under Vehumet
  2374 | D        | Reached skill level 18 in Spellcasting
  2671 | D        | Killed an eight-headed hydra
  2671 | D        | Offered knowledge of Lightning Bolt by Vehumet.
  2672 | D        | Reached skill level 19 in Spellcasting
  3015 | D        | Noticed a cane toad
  3015 | D        | Noticed a cane toad
  3015 | D        | Noticed a boulder beetle
  3015 | D        | Noticed a black mamba
  3015 | D        | Noticed an elephant
  3414 | D        | Killed a black mamba
  3416 | D        | Killed an elephant
  3417 | D        | Killed a cane toad
  3418 | D        | Offered knowledge of Yara's Violent Unravelling by Vehumet.
  3419 | D        | Slain by a boulder beetle

Illustrated notes

Levels and vault maps discovered:
D:        linesprint [early_d, line_temple, items_1, d_10, items_2, lair_1,
          lair_end, items_3, orc_1, orc_end, items_4, d_15, swamp_1, shoals_1,
          snake_1, spider_1, d_20, vaults_1, items_5, swamp_end, shoals_end,
          snake_end, spider_end, vaults_end, d_27, items_6, zot_1, zot_end,
          crypt_end, forest_end, elf_end, slime_end, tomb_end, abyss_end,
          pan_hell_end]

Skill      XL: |  1  2  3  4  5  6  7  8  9 10 |
---------------+-------------------------------+-----
Earth Magic    | 6 8 11 13 14 16 18 | 18.2
Dodging        | 3 4 5 6 7 |  7.7
Stealth        | 3 4 5 6 7 |  7.8
Spellcasting   | 4 7 10 12 14 17 19 | 19.8
Short Blades   | 2 3 4 |  4.3
Fighting       | 1 2 |  2.0
Conjurations   | 1 2 3 |  3.0
Evocations     | 1 2 3 |  3.5
Transmutations | 2 3 |  3.3

Action                   |  1- 3 |  4- 6 |  7- 9 | 10-12 || total
-------------------------+-------+-------+-------+-------++-------
Melee: Dagger            |       |    12 |       |       ||    12
       Rapier            |       |       |       |     2 ||     2
 Cast: Sandblast         |    12 |     1 |     1 |     1 ||    15
       Lee's Rapid Decon |       |     3 |    16 |    22 ||    41
       Stone Arrow       |       |     1 |     2 |     1 ||     4
       Petrify           |       |       |     6 |     6 ||    12
Evoke: Wand              |       |     4 |     1 |       ||     5
  Use: Potion            |       |     1 |       |     2 ||     3
       Scroll            |       |       |     1 |     1 ||     2
Armor: Robe              |       |       |     3 |     2 ||     5
Dodge: Dodged            |     4 |    12 |     2 |    10 ||    28

Table legend: (Time is in decaauts)
 A = Elapsed time spent in this place.
 B = Non-inter-level travel time spent in this place.
 C = Inter-level travel time spent in this place.
 D = Time resting spent in this place.
 E = Time spent auto-exploring this place.
 F = Levels seen in this place.
 G = Mean time per level.
                   A        B        C        D        E       F      G
               +--------+--------+--------+--------+--------+-----+--------+
         Total |   3397 |   3397 |      0 |   2969 |    125 |   1 | 3397.0 |
       Dungeon |   3397 |   3397 |      0 |   2969 |    125 |   1 | 3397.0 |
               +--------+--------+--------+--------+--------+-----+--------+

Top non-repeatable levels by time:
       D: 3397 daAuts
